Ottawa Senators vs Vancouver Canucks

Created - mercredi 20 mars 2019 at 19:00

Goals
1 2 3 T
Ottawa Senators 1 1 0 2
Vancouver Canucks 1 2 1 4
Shots
1 2 3 T
Ottawa Senators 11 10 8 29
Vancouver Canucks 5 17 15 37

1st period

1. Vancouver Canucks , Andrew Ladd 19 (Richard Panik 21, Bo Horvat 46) at 3:11 (PP)
2. Ottawa Senators , Michael Cammalleri 14 (Nail Yakupov 8, Cody Ceci 19) at 18:12

Penalties :
Brandon Saad (OTT) for Elbowing (Minor) at 3:00, Troy Stecher (VAN) for Holding (Minor) at 3:35, Michael Cammalleri (OTT) for Tripping (Minor) at 5:56, Jake Virtanen (VAN) for Boarding (Minor) at 12:06

2nd period

3. Vancouver Canucks , Bo Horvat 33 (Richard Panik 22, Jason Garrison 2) at 1:25
4. Ottawa Senators , Mark Stone 16 (Cody Ceci 20, Dylan Larkin 31) at 8:47
5. Vancouver Canucks , Cal Clutterbuck 20 (Markus Granlund 10, Alexei Emelin 12) at 12:31

Penalties :
No Penalty

3rd period

6. Vancouver Canucks , Jake Virtanen 7 (Artem Anisimov 17, Connor Murphy 15) at 11:25

Penalties :
No Penalty

Goalie Stats

Ben Bishop (OTT), 33 saves from 37 shots - (0.892), L, 44-18-10, 60:00 minutes
Jacob Markstrom (VAN), 27 saves from 29 shots - (0.931), W, 24-28-13, 60:00 minutes

Players Stats for Ottawa Senators

Player Name              G  A  P  +/- PIM S  H  SB GA TA FO     MP     PP MP  PK MP  
------------------------------------------------------------------------------------
Brandon Saad             0  0  0  -1  2   2  1  0  0  0  0/0    16:40   1:50   0:22 
Brayden Schenn           0  0  0  -1  0   2  6  1  0  0  12/19  17:17   2:02   0:46 
Charlie Coyle            0  0  0  -1  0   4  1  0  1  1  2/2    16:18   0:59   1:03 
Chris Wideman            0  0  0   0  0   1  3  2  0  0  0/0    18:38   1:45   0:00 
Cody Ceci                0  2  2   0  0   0  2  2  0  0  0/0    22:52   0:00   1:08 
Dion Phaneuf             0  0  0  -1  0   0  2  1  1  1  0/0    21:35   0:00   1:08 
Dylan Larkin             0  1  1   1  0   2  0  0  0  1  7/18   16:37   2:08   0:00 
Erik Karlsson            0  0  0   0  0   0  0  0  0  1  0/0    19:52   2:13   1:02 
Jean-Gabriel Pageau      0  0  0  -1  0   0  1  0  2  0  10/14  15:44   0:17   1:11 
Mark Stone               1  0  1   1  0   2  1  0  0  0  1/1    14:29   0:00   0:00 
Michael Cammalleri       1  0  1   0  2   6  1  1  1  0  4/6    11:06   0:00   0:00 
Nail Yakupov             0  1  1   0  0   1  3  1  0  0  0/1    10:38   0:00   0:00 
Nikita Kucherov          0  0  0   1  0   5  0  0  1  1  0/2    16:37   2:08   0:00 
Ryan Dzingel             0  0  0  -1  0   3  1  0  1  0  0/0    16:59   2:30   0:00 
Sami Vatanen             0  0  0  -1  0   0  2  0  0  0  0/0    18:28   2:13   1:02 
Thomas Chabot            0  0  0   0  0   0  1  2  0  2  0/0    18:35   1:45   0:00 
Tom Pyatt                0  0  0  -1  0   0  1  0  1  1  1/2    14:45   0:00   0:58 
Tyson Jost               0  0  0   0  0   1  0  0  0  0  0/0    10:38   0:00   0:00 

Players Stats for Vancouver Canucks

Player Name              G  A  P  +/- PIM S  H  SB GA TA FO     MP     PP MP  PK MP  
------------------------------------------------------------------------------------
Adam Cracknell           0  0  0   0  0   0  1  0  0  0  2/4     9:36   0:00   0:18 
Alex Formenton           0  0  0   0  0   0  0  0  0  0  0/0     9:03   0:00   0:00 
Alexei Emelin            0  1  1   1  0   1  1  1  0  2  0/0    20:15   0:00   1:46 
Andrew Ladd              1  0  1   0  0   3  4  2  0  1  1/1    17:38   1:11   0:18 
Artem Anisimov           0  1  1   0  0   4  2  0  1  0  7/16   15:03   0:59   0:00 
Ben Hutton               0  0  0  -1  0   4  3  1  0  1  0/0    22:48   1:24   1:46 
Bo Horvat                1  1  2   0  0   7  0  0  0  0  11/23  18:57   1:11   1:52 
Cal Clutterbuck          1  0  1   1  0   2  5  0  3  0  0/0    17:23   0:59   1:48 
Connor Murphy            0  1  1   1  0   1  2  2  0  0  0/0    20:36   1:24   0:57 
Jake Virtanen            1  0  1   0  2   1  1  0  0  0  0/1    14:18   0:00   0:00 
Jason Garrison           0  1  1   1  0   1  3  0  0  0  0/0    18:01   0:00   2:12 
Logan Shaw               0  0  0   1  0   3  1  3  0  1  5/13   16:24   0:00   1:48 
Markus Granlund          0  1  1   1  0   1  3  0  1  0  1/2    17:24   0:46   1:52 
Matt Bartkowski          0  0  0   1  0   1  3  0  0  2  0/0    15:48   0:00   0:00 
Matt Calvert             0  0  0   0  0   2  2  1  1  1  1/2    15:03   0:59   0:00 
Richard Panik            0  2  2   0  0   4  2  0  0  0  0/3    17:05   1:11   0:00 
Rocco Grimaldi           0  0  0   0  0   0  1  1  1  0  0/0     9:03   0:00   0:00 
Troy Stecher             0  0  0  -1  2   2  4  1  1  0  0/0    21:35   0:46   1:15 

3 Stars

1 - Cal Clutterbuck (VAN)
2 - Andrew Ladd (VAN)
3 - Bo Horvat (VAN)

Power Play

Ottawa Senators - 0 on 2 Attempt(s) - 0.00%
Vancouver Canucks - 1 on 2 Attempt(s) - 50.00%

Penalty Kill

Ottawa Senators - 1 on 2 Attempt(s) - 50.00% - Score 0 goal in Penalty Kill
Vancouver Canucks - 2 on 2 Attempt(s) - 100.00% - Score 0 goal in Penalty Kill

Team Stat

Ottawa Senators - Hits : 26 - Faceoff Wins : 37 - Blocked Shots : 10 - Penalty Minutes : 4
Vancouver Canucks - Hits : 38 - Faceoff Wins : 28 - Blocked Shots : 12 - Penalty Minutes : 4

Official

Referees : Chris Rooney and Tom Kowal
Linesman : Ryan Gibbons and Devin Berg

Game Notes

No Game Note

Finance

Level 1 -- Attendance: 10000 (100.00%) -- Ticket Income fr. 800'000
Level 2 -- Attendance: 2000 (100.00%) -- Ticket Income fr. 124'000
Level 3 -- Attendance: 3264 (93.26%) -- Ticket Income fr. 110'976
Level 4 -- Attendance: 1450 (100.00%) -- Ticket Income fr. 29'000
Luxury Box -- Attendance: 47 (94.00%) -- Ticket Income fr. 9'400
Game was played at the Rogers Arena.
Total Attendance: 16761 (98.59%)
Total Ticket Income: fr. 1'073'376
Total Income: fr. 1'073'376

Ottawa Senators

5 vs 5 Forward 
   Center                   Left Wing                Right Wing               Time % Phy DF OF 
 1 Dylan Larkin             Nikita Kucherov          Mark Stone               28     0   1  4  
 2 Brayden Schenn           Brandon Saad             Ryan Dzingel             28     0   2  3  
 3 Jean-Gabriel Pageau      Tom Pyatt                Charlie Coyle            25     0   3  2  
 4 Michael Cammalleri       Tyson Jost               Nail Yakupov             19     0   4  1  

5 vs 5 Defense 
   Defense                  Defense                                           Time % Phy DF OF 
 1 Erik Karlsson            Cody Ceci                                         31     0   2  3  
 2 Dion Phaneuf             Sami Vatanen                                      30     0   3  2  
 3 Chris Wideman            Thomas Chabot                                     25     0   4  1  
 4 Cody Ceci                Dion Phaneuf                                      14     0   4  1  

PowerPlay Forward 
   Center                   Left Wing                Right Wing               Time % Phy DF OF 
 1 Dylan Larkin             Nikita Kucherov          Ryan Dzingel             50     1   0  4  
 2 Brayden Schenn           Brandon Saad             Ryan Dzingel             50     0   0  5  

PowerPlay Defense
   Defense                  Defense                                           Time % Phy DF OF 
 1 Erik Karlsson            Sami Vatanen                                      55     0   1  4  
 2 Thomas Chabot            Chris Wideman                                     45     0   1  4  

Penalty Kill 4 Players Forward 
   Center                   Wing                     Time % Phy DF OF 
 1 Jean-Gabriel Pageau      Charlie Coyle            50     1   3  1  
 2 Michael Cammalleri       Tom Pyatt                50     1   3  1  

Penalty Kill 4 Players Defense
   Defense                  Defense                  Time % Phy DF OF 
 1 Dion Phaneuf             Cody Ceci                50     1   3  1  
 2 Erik Karlsson            Sami Vatanen             50     1   3  1  

Penalty Kill - 3 Players Forward 
   Forward                                           Time % Phy DF OF 
 1 Jean-Gabriel Pageau                               50     1   4  0  
 2 Michael Cammalleri                                50     1   4  0  

Penalty Kill - 3 Players Defense
   Defense                  Defense                  Time % Phy DF OF 
 1 Dion Phaneuf             Cody Ceci                50     1   4  0  
 2 Erik Karlsson            Sami Vatanen             50     1   4  0  

4 vs 4 Forward 
   Center                   Wing                     Time % Phy DF OF 
 1 Dylan Larkin             Nikita Kucherov          50     0   2  3  
 2 Brayden Schenn           Mark Stone               50     0   2  3  

4 vs 4 Defense
   Defense                  Defense                  Time % Phy DF OF 
 1 Erik Karlsson            Cody Ceci                48     0   2  3  
 2 Dion Phaneuf             Sami Vatanen             52     0   2  3  

Last Minutes Offensive
   Center                   Left Wing                Right Wing               Defense                  Defense                  
   Dylan Larkin             Nikita Kucherov          Ryan Dzingel             Erik Karlsson            Sami Vatanen             

Last Minutes Defensive
   Center                   Left Wing                Right Wing               Defense                  Defense                  
   Jean-Gabriel Pageau      Brandon Saad             Mark Stone               Dion Phaneuf             Cody Ceci                

Goaltenders
Starting : Ben Bishop               
Backup : Anders Nilsson           

Extra Forwards
Normal : Mark Stone, Dylan Larkin, Brandon Saad - PP : Nikita Kucherov, Ryan Dzingel - PK : Jean-Gabriel Pageau
Extra Defensemen
Normal : Sami Vatanen, Thomas Chabot, Erik Karlsson - PP : Erik Karlsson - PK : Cody Ceci, Dion Phaneuf
Penalty Shots
Dylan Larkin, Ryan Dzingel, Nikita Kucherov, Brayden Schenn, Brandon Saad
Custom OT Lines Forwards
Brayden Schenn, Dylan Larkin, Nikita Kucherov, Mark Stone, Nail Yakupov, Brandon Saad, Jean-Gabriel Pageau, Ryan Dzingel, Michael Cammalleri, Tom Pyatt
Custom OT Lines Defensemen
Erik Karlsson, Cody Ceci, Sami Vatanen, Dion Phaneuf, Thomas Chabot

Scratches
Nathan Beaulieu (Healthy)

Vancouver Canucks

5 vs 5 Forward 
   Center                   Left Wing                Right Wing               Time % Phy DF OF 
 1 Bo Horvat                Andrew Ladd              Richard Panik            30     1   1  3  
 2 Artem Anisimov           Matt Calvert             Jake Virtanen            28     1   1  3  
 3 Logan Shaw               Markus Granlund          Cal Clutterbuck          26     1   1  3  
 4 Adam Cracknell           Alex Formenton           Rocco Grimaldi           16     1   3  1  

5 vs 5 Defense 
   Defense                  Defense                                           Time % Phy DF OF 
 1 Ben Hutton               Troy Stecher                                      35     1   2  2  
 2 Connor Murphy            Alexei Emelin                                     35     1   2  2  
 3 Matt Bartkowski          Jason Garrison                                    28     1   3  1  
 4 Ben Hutton               Troy Stecher                                      2      1   3  1  

PowerPlay Forward 
   Center                   Left Wing                Right Wing               Time % Phy DF OF 
 1 Bo Horvat                Andrew Ladd              Richard Panik            60     1   1  3  
 2 Artem Anisimov           Matt Calvert             Cal Clutterbuck          40     1   1  3  

PowerPlay Defense
   Defense                  Defense                                           Time % Phy DF OF 
 1 Ben Hutton               Connor Murphy                                     60     1   1  3  
 2 Markus Granlund          Troy Stecher                                      40     1   1  3  

Penalty Kill 4 Players Forward 
   Center                   Wing                     Time % Phy DF OF 
 1 Bo Horvat                Markus Granlund          50     1   4  0  
 2 Logan Shaw               Cal Clutterbuck          50     1   4  0  

Penalty Kill 4 Players Defense
   Defense                  Defense                  Time % Phy DF OF 
 1 Jason Garrison           Troy Stecher             50     1   4  0  
 2 Ben Hutton               Alexei Emelin            50     1   4  0  

Penalty Kill - 3 Players Forward 
   Forward                                           Time % Phy DF OF 
 1 Logan Shaw                                        50     1   4  0  
 2 Bo Horvat                                         50     1   4  0  

Penalty Kill - 3 Players Defense
   Defense                  Defense                  Time % Phy DF OF 
 1 Jason Garrison           Troy Stecher             50     1   4  0  
 2 Alexei Emelin            Matt Bartkowski          50     1   4  0  

4 vs 4 Forward 
   Center                   Wing                     Time % Phy DF OF 
 1 Bo Horvat                Richard Panik            55     0   1  4  
 2 Artem Anisimov           Markus Granlund          45     0   1  4  

4 vs 4 Defense
   Defense                  Defense                  Time % Phy DF OF 
 1 Ben Hutton               Troy Stecher             50     1   1  3  
 2 Cal Clutterbuck          Ben Hutton               50     1   1  3  

Last Minutes Offensive
   Center                   Left Wing                Right Wing               Defense                  Defense                  
   Bo Horvat                Andrew Ladd              Artem Anisimov           Richard Panik            Connor Murphy            

Last Minutes Defensive
   Center                   Left Wing                Right Wing               Defense                  Defense                  
   Adam Cracknell           Markus Granlund          Cal Clutterbuck          Troy Stecher             Jason Garrison           

Goaltenders
Starting : Jacob Markstrom          
Backup : Thatcher Demko           

Extra Forwards
Normal : Cal Clutterbuck, Markus Granlund, Richard Panik - PP : Cal Clutterbuck, Markus Granlund - PK : Bo Horvat
Extra Defensemen
Normal : Alexei Emelin, Jason Garrison, Matt Bartkowski - PP : Ben Hutton - PK : Jason Garrison, Connor Murphy
Penalty Shots
Bo Horvat, Markus Granlund, Artem Anisimov, Richard Panik, Logan Shaw
Custom OT Lines Forwards
Bo Horvat, Artem Anisimov, Andrew Ladd, Richard Panik, Logan Shaw, Jake Virtanen, Cal Clutterbuck, Markus Granlund, Alex Formenton, Matt Calvert
Custom OT Lines Defensemen
Jason Garrison, Troy Stecher, Connor Murphy, Ben Hutton, Alexei Emelin

Scratches
Alex Biega (Bruised Right Leg Injury), Brendan Gaunce (Sports Hernia Injury), Ryan Callahan (Healthy), Adam Gaudette (Healthy), Victor Mete (Healthy)

% Time on Ice - Ottawa Senators

Lines # - Real PCT - Wanted PCT - Time Play
Normal Forward
1 - 28% - 28% - 14:58
2 - 27% - 28% - 14:29
3 - 26% - 25% - 13:47
4 - 20% - 19% - 10:38
Normal Defense
1 - 30% - 31% - 16:08
2 - 28% - 30% - 15:19
3 - 31% - 25% - 16:33
4 - 11% - 14% - 5:52
PP Forward
1 - 54% - 50% - 2:08
2 - 46% - 50% - 1:50
PP Defense
1 - 56% - 55% - 2:13
2 - 44% - 45% - 1:45
PK Forward
1 - 38% - 50% - 0:50
2 - 62% - 50% - 1:20
PK Defense
1 - 52% - 50% - 1:08
2 - 48% - 50% - 1:02
PK3 Forward
1 - 0% - 50%
2 - 0% - 50%
PK3 Defense
1 - 0% - 50%
2 - 0% - 50%
44 Forward
1 - 0% - 50%
2 - 0% - 50%
44 Defense
1 - 0% - 48%
2 - 0% - 52%
Last Minute Offensive  - 0:00
Last Minute Defensive  - 0:00
Total
Forward - 60:00
Defense - 60:00

% Time on Ice - Vancouver Canucks

Lines # - Real PCT - Wanted PCT - Time Play
Normal Forward
1 - 30% - 30% - 15:54
2 - 27% - 28% - 14:20
3 - 27% - 26% - 14:35
4 - 17% - 16% - 9:03
Normal Defense
1 - 36% - 35% - 19:24
2 - 35% - 35% - 18:40
3 - 29% - 28% - 15:48
4 - 0% - 2% - 0:00
PP Forward
1 - 55% - 60% - 1:11
2 - 45% - 40% - 0:59
PP Defense
1 - 65% - 60% - 1:24
2 - 35% - 40% - 0:46
PK Forward
1 - 54% - 50% - 2:09
2 - 46% - 50% - 1:49
PK Defense
1 - 55% - 50% - 2:12
2 - 45% - 50% - 1:46
PK3 Forward
1 - 0% - 50%
2 - 0% - 50%
PK3 Defense
1 - 0% - 50%
2 - 0% - 50%
44 Forward
1 - 0% - 55%
2 - 0% - 45%
44 Defense
1 - 0% - 50%
2 - 0% - 50%
Last Minute Offensive  - 0:00
Last Minute Defensive  - 0:00
Total
Forward - 60:00
Defense - 60:00

Play-by-Play

1st period


0:01 of 1st period - Bo Horvat wins face-off versus Nikita Kucherov in neutral zone.
0:24 of 1st period - Cody Ceci is hit by Cal Clutterbuck.
0:34 of 1st period - Snap shot by Brandon Saad.
0:34 of 1st period - Stopped by Jacob Markstrom without a rebound.
0:35 of 1st period - Jean-Gabriel Pageau wins face-off versus Artem Anisimov in Vancouver Canucks zone.
0:35 of 1st period - Charlie Coyle is hit by Alexei Emelin and loses puck.
1:25 of 1st period - Wrist shot by Brayden Schenn.
1:25 of 1st period - Deflect By Brandon Saad.
1:25 of 1st period - Shot Blocked by Logan Shaw.
1:25 of 1st period - Puck is out of play.
1:26 of 1st period - Dylan Larkin wins face-off versus Bo Horvat in Vancouver Canucks zone.
1:39 of 1st period - Nikita Kucherov is hit by Andrew Ladd and loses puck.
3:00 of 1st period - Minor Penalty to Brandon Saad for Elbowing.
3:01 of 1st period - Bo Horvat wins face-off versus Jean-Gabriel Pageau in Ottawa Senators zone.
3:09 of 1st period - Snap shot by Richard Panik.
3:09 of 1st period - Shot Misses the Net.
3:11 of 1st period - Wrist shot by Andrew Ladd.
3:11 of 1st period - Goal by Andrew Ladd - Ottawa Senators : 0 - Vancouver Canucks : 1.
3:12 of 1st period - Bo Horvat wins face-off versus Nail Yakupov in neutral zone.
3:35 of 1st period - Minor Penalty to Troy Stecher for Holding.
3:36 of 1st period - Bo Horvat wins face-off versus Dylan Larkin in Vancouver Canucks zone.
3:49 of 1st period - Wrist shot by Nikita Kucherov.
3:49 of 1st period - Stopped by Jacob Markstrom without a rebound.
3:50 of 1st period - Brayden Schenn wins face-off versus Bo Horvat in Vancouver Canucks zone.
4:05 of 1st period - Wrist shot by Ryan Dzingel.
4:05 of 1st period - Stopped by Jacob Markstrom with a rebound.
4:18 of 1st period - Icing by Nikita Kucherov.
4:19 of 1st period - Bo Horvat wins face-off versus Dylan Larkin in Ottawa Senators zone.
4:27 of 1st period - Off-side.
4:28 of 1st period - Bo Horvat wins face-off versus Brayden Schenn in neutral zone.
5:35 of 1st period - Penalty to Troy Stecher is over, Troy Stecher is back on ice.
5:43 of 1st period - Snap shot by Tyson Jost.
5:43 of 1st period - Deflect By Michael Cammalleri.
5:43 of 1st period - Stopped by Jacob Markstrom without a rebound.
5:44 of 1st period - Michael Cammalleri wins face-off versus Jake Virtanen in Vancouver Canucks zone.
5:56 of 1st period - Minor Penalty to Michael Cammalleri for Tripping.
5:57 of 1st period - Bo Horvat wins face-off versus Jean-Gabriel Pageau in Ottawa Senators zone.
6:22 of 1st period - Connor Murphy is hit by Jean-Gabriel Pageau and loses puck.
7:23 of 1st period - Icing by Connor Murphy.
7:24 of 1st period - Charlie Coyle wins face-off versus Artem Anisimov in Vancouver Canucks zone.
7:56 of 1st period - Penalty to Michael Cammalleri is over, Michael Cammalleri is back on ice.
8:05 of 1st period - Erik Karlsson is hit by Troy Stecher and loses puck.
8:24 of 1st period - Slapshot by Charlie Coyle.
8:24 of 1st period - Stopped by Jacob Markstrom without a rebound.
8:25 of 1st period - Artem Anisimov wins face-off versus Dylan Larkin in Vancouver Canucks zone.
8:25 of 1st period - Artem Anisimov is hit by Chris Wideman.
9:08 of 1st period - Snap shot by Richard Panik.
9:08 of 1st period - Stopped by Ben Bishop with a rebound.
10:18 of 1st period - Dylan Larkin is hit by Cal Clutterbuck and loses puck.
10:54 of 1st period - Wrist shot by Nikita Kucherov.
10:54 of 1st period - Stopped by Jacob Markstrom without a rebound.
10:55 of 1st period - Jean-Gabriel Pageau wins face-off versus Bo Horvat in Vancouver Canucks zone.
11:20 of 1st period - Dion Phaneuf is hit by Ben Hutton and loses puck.
12:06 of 1st period - Minor Penalty to Jake Virtanen for Boarding.
12:07 of 1st period - Brayden Schenn wins face-off versus Markus Granlund in Vancouver Canucks zone.
12:54 of 1st period - Markus Granlund is hit by Brayden Schenn and loses puck.
13:51 of 1st period - Jean-Gabriel Pageau is hit by Andrew Ladd and loses puck.
14:06 of 1st period - Penalty to Jake Virtanen is over, Jake Virtanen is back on ice.
14:20 of 1st period - Wrist shot by Michael Cammalleri.
14:20 of 1st period - Stopped by Jacob Markstrom without a rebound.
14:21 of 1st period - Tom Pyatt wins face-off versus Matt Calvert in Vancouver Canucks zone.
14:22 of 1st period - Wrist shot by Charlie Coyle.
14:22 of 1st period - Stopped by Jacob Markstrom without a rebound.
14:23 of 1st period - Artem Anisimov wins face-off versus Jean-Gabriel Pageau in Vancouver Canucks zone.
14:50 of 1st period - Snap shot by Brayden Schenn.
14:50 of 1st period - Shot Misses the Net.
14:58 of 1st period - Troy Stecher is hit by Dion Phaneuf and loses puck.
15:15 of 1st period - Snap shot by Tyson Jost.
15:15 of 1st period - Stopped by Jacob Markstrom with a rebound.
15:31 of 1st period - Snap shot by Richard Panik.
15:31 of 1st period - Shot Misses the Net.
15:33 of 1st period - Snap shot by Richard Panik.
15:33 of 1st period - Shot Misses the Net.
15:35 of 1st period - Wrist shot by Andrew Ladd.
15:35 of 1st period - Stopped by Ben Bishop with a rebound.
15:37 of 1st period - Wrist shot by Bo Horvat.
15:37 of 1st period - Shot Blocked by Chris Wideman.
15:51 of 1st period - Wrist shot by Charlie Coyle.
15:51 of 1st period - Shot Misses the Net.
15:55 of 1st period - Snap shot by Tom Pyatt.
15:55 of 1st period - Shot Hit the Post.
16:01 of 1st period - Snap shot by Richard Panik.
16:01 of 1st period - Stopped by Ben Bishop without a rebound.
16:02 of 1st period - Brayden Schenn wins face-off versus Logan Shaw in Ottawa Senators zone.
16:59 of 1st period - Snap shot by Dylan Larkin.
16:59 of 1st period - Stopped by Jacob Markstrom without a rebound.
17:00 of 1st period - Brayden Schenn wins face-off versus Logan Shaw in Vancouver Canucks zone.
17:47 of 1st period - Slapshot by Mark Stone.
17:47 of 1st period - Shot Blocked by Alexei Emelin.
18:05 of 1st period - Cody Ceci is hit by Markus Granlund and loses puck.
18:12 of 1st period - Snap shot by Michael Cammalleri.
18:12 of 1st period - Goal by Michael Cammalleri - Ottawa Senators : 1 - Vancouver Canucks : 1.
18:13 of 1st period - Brayden Schenn wins face-off versus Bo Horvat in neutral zone.
19:03 of 1st period - Wrist shot by Artem Anisimov.
19:03 of 1st period - Stopped by Ben Bishop without a rebound.
19:04 of 1st period - Logan Shaw wins face-off versus Brayden Schenn in Ottawa Senators zone.
19:29 of 1st period - Bo Horvat is hit by Cody Ceci and loses puck.
19:52 of 1st period - Wrist shot by Matt Calvert.
19:52 of 1st period - Shot Misses the Net.
Goals for this period are 1 for Ottawa Senators vs 1 for Vancouver Canucks.
Shots for this period are 11 for Ottawa Senators vs 5 for Vancouver Canucks.

2nd period


0:01 of 2nd period - Jean-Gabriel Pageau wins face-off versus Bo Horvat in neutral zone.
0:25 of 2nd period - Matt Calvert is hit by Brayden Schenn and loses puck.
1:04 of 2nd period - Tyson Jost is hit by Troy Stecher and loses puck.
1:11 of 2nd period - Snap shot by Rocco Grimaldi.
1:11 of 2nd period - Shot Misses the Net.
1:13 of 2nd period - Snap shot by Matt Bartkowski.
1:13 of 2nd period - Shot Blocked by Michael Cammalleri.
1:23 of 2nd period - Snap shot by Richard Panik.
1:23 of 2nd period - Shot Misses the Net.
1:25 of 2nd period - Wrist shot by Bo Horvat.
1:25 of 2nd period - Goal by Bo Horvat - Ottawa Senators : 1 - Vancouver Canucks : 2.
1:26 of 2nd period - Bo Horvat wins face-off versus Brayden Schenn in neutral zone.
1:29 of 2nd period - Ryan Dzingel is hit by Andrew Ladd and loses puck.
1:36 of 2nd period - Wrist shot by Bo Horvat.
1:36 of 2nd period - Deflect By Brayden Schenn.
1:36 of 2nd period - Shot Misses the Net.
1:36 of 2nd period - Puck is out of play.
1:37 of 2nd period - Jean-Gabriel Pageau wins face-off versus Bo Horvat in Ottawa Senators zone.
1:37 of 2nd period - Erik Karlsson is hit by Andrew Ladd and loses puck.
1:46 of 2nd period - Snap shot by Bo Horvat.
1:46 of 2nd period - Stopped by Ben Bishop without a rebound.
1:47 of 2nd period - Jean-Gabriel Pageau wins face-off versus Bo Horvat in Ottawa Senators zone.
2:08 of 2nd period - Snap shot by Richard Panik.
2:08 of 2nd period - Shot Misses the Net.
2:10 of 2nd period - Slapshot by Alexei Emelin.
2:10 of 2nd period - Shot Misses the Net.
2:12 of 2nd period - Snap shot by Alexei Emelin.
2:12 of 2nd period - Stopped by Ben Bishop with a rebound.
2:14 of 2nd period - Wrist shot by Bo Horvat.
2:14 of 2nd period - Stopped by Ben Bishop without a rebound.
2:15 of 2nd period - Matt Calvert wins face-off versus Dylan Larkin in Ottawa Senators zone.
2:18 of 2nd period - Wrist shot by Matt Calvert.
2:18 of 2nd period - Stopped by Ben Bishop without a rebound.
2:19 of 2nd period - Dylan Larkin wins face-off versus Artem Anisimov in Ottawa Senators zone.
2:19 of 2nd period - Dylan Larkin is hit by Troy Stecher.
2:45 of 2nd period - Snap shot by Bo Horvat.
2:45 of 2nd period - Stopped by Ben Bishop with a rebound.
2:47 of 2nd period - Slapshot by Ben Hutton.
2:47 of 2nd period - Stopped by Ben Bishop with a rebound.
2:49 of 2nd period - Wrist shot by Richard Panik.
2:49 of 2nd period - Stopped by Ben Bishop with a rebound.
2:51 of 2nd period - Slapshot by Ben Hutton.
2:51 of 2nd period - Shot Blocked by Thomas Chabot.
2:53 of 2nd period - Snap shot by Andrew Ladd.
2:53 of 2nd period - Shot Blocked by Thomas Chabot.
2:55 of 2nd period - Wrist shot by Bo Horvat.
2:55 of 2nd period - Shot Misses the Net.
2:57 of 2nd period - Wrist shot by Andrew Ladd.
2:57 of 2nd period - Shot Misses the Net.
3:35 of 2nd period - Snap shot by Jean-Gabriel Pageau.
3:35 of 2nd period - Shot Misses the Net.
3:37 of 2nd period - Slapshot by Chris Wideman.
3:37 of 2nd period - Stopped by Jacob Markstrom with a rebound.
5:25 of 2nd period - Ben Hutton is hit by Brayden Schenn and loses puck.
5:49 of 2nd period - Andrew Ladd is hit by Charlie Coyle and loses puck.
6:40 of 2nd period - Bo Horvat is hit by Brayden Schenn and loses puck.
6:47 of 2nd period - Richard Panik is hit by Brayden Schenn and loses puck.
7:08 of 2nd period - Wrist shot by Jean-Gabriel Pageau.
7:08 of 2nd period - Deflect By Cal Clutterbuck.
7:08 of 2nd period - Shot Misses the Net.
7:08 of 2nd period - Puck is out of play.
7:09 of 2nd period - Mark Stone wins face-off versus Adam Cracknell in Vancouver Canucks zone.
7:18 of 2nd period - Wrist shot by Mark Stone.
7:18 of 2nd period - Shot Misses the Net.
7:24 of 2nd period - Chris Wideman is hit by Matt Bartkowski and loses puck.
7:35 of 2nd period - Logan Shaw is hit by Brandon Saad and loses puck.
7:43 of 2nd period - Wrist shot by Brandon Saad.
7:43 of 2nd period - Shot Blocked by Logan Shaw.
7:45 of 2nd period - Snap shot by Ryan Dzingel.
7:45 of 2nd period - Stopped by Jacob Markstrom without a rebound.
7:46 of 2nd period - Jean-Gabriel Pageau wins face-off versus Artem Anisimov in Vancouver Canucks zone.
7:58 of 2nd period - Tom Pyatt is hit by Matt Calvert and loses puck.
8:39 of 2nd period - Icing by Alexei Emelin.
8:40 of 2nd period - Dylan Larkin wins face-off versus Logan Shaw in Vancouver Canucks zone.
8:41 of 2nd period - Slapshot by Nikita Kucherov.
8:41 of 2nd period - Deflect By Mark Stone.
8:41 of 2nd period - Shot Blocked by Logan Shaw.
8:41 of 2nd period - Puck is out of play.
8:42 of 2nd period - Dylan Larkin wins face-off versus Artem Anisimov in Vancouver Canucks zone.
8:45 of 2nd period - Wrist shot by Dylan Larkin.
8:45 of 2nd period - Stopped by Jacob Markstrom with a rebound.
8:47 of 2nd period - Slapshot by Cody Ceci.
8:47 of 2nd period - Deflect By Mark Stone.
8:47 of 2nd period - Goal by Mark Stone - Ottawa Senators : 2 - Vancouver Canucks : 2.
8:48 of 2nd period - Brayden Schenn wins face-off versus Artem Anisimov in neutral zone.
8:57 of 2nd period - Ryan Dzingel is hit by Matt Calvert and loses puck.
9:18 of 2nd period - Slapshot by Thomas Chabot.
9:18 of 2nd period - Shot Blocked by Troy Stecher.
9:42 of 2nd period - Wrist shot by Artem Anisimov.
9:42 of 2nd period - Stopped by Ben Bishop with a rebound.
10:06 of 2nd period - Snap shot by Logan Shaw.
10:06 of 2nd period - Shot Hit the Post.
10:17 of 2nd period - Icing by Markus Granlund.
10:18 of 2nd period - Brayden Schenn wins face-off versus Bo Horvat in Vancouver Canucks zone.
10:19 of 2nd period - Wrist shot by Erik Karlsson.
10:19 of 2nd period - Deflect By Brayden Schenn.
10:19 of 2nd period - Shot Misses the Net.
10:19 of 2nd period - Puck is out of play.
10:20 of 2nd period - Brayden Schenn wins face-off versus Bo Horvat in Vancouver Canucks zone.
10:20 of 2nd period - Erik Karlsson is hit by Richard Panik and loses puck.
11:29 of 2nd period - Dion Phaneuf is hit by Richard Panik and loses puck.
11:44 of 2nd period - Wrist shot by Brayden Schenn.
11:44 of 2nd period - Deflect By Brandon Saad.
11:44 of 2nd period - Shot Blocked by Connor Murphy.
11:44 of 2nd period - Puck is out of play.
11:45 of 2nd period - Logan Shaw wins face-off versus Brayden Schenn in Vancouver Canucks zone.
11:45 of 2nd period - Logan Shaw is hit by Ryan Dzingel.
12:17 of 2nd period - Wrist shot by Brayden Schenn.
12:17 of 2nd period - Stopped by Jacob Markstrom with a rebound.
12:31 of 2nd period - Backhand shot by Cal Clutterbuck.
12:31 of 2nd period - Goal by Cal Clutterbuck - Ottawa Senators : 2 - Vancouver Canucks : 3.
12:32 of 2nd period - Andrew Ladd wins face-off versus Dylan Larkin in neutral zone.
12:37 of 2nd period - Backhand shot by Bo Horvat.
12:37 of 2nd period - Stopped by Ben Bishop with a rebound.
13:06 of 2nd period - Backhand shot by Michael Cammalleri.
13:06 of 2nd period - Stopped by Jacob Markstrom with a rebound.
13:08 of 2nd period - Snap shot by Nail Yakupov.
13:08 of 2nd period - Stopped by Jacob Markstrom with a rebound.
13:10 of 2nd period - Snap shot by Nail Yakupov.
13:10 of 2nd period - Shot Blocked by Andrew Ladd.
13:48 of 2nd period - Ben Hutton is hit by Chris Wideman and loses puck.
14:03 of 2nd period - Cody Ceci is hit by Adam Cracknell and loses puck.
14:54 of 2nd period - Snap shot by Brayden Schenn.
14:54 of 2nd period - Shot Blocked by Matt Calvert.
15:14 of 2nd period - Snap shot by Rocco Grimaldi.
15:14 of 2nd period - Shot Misses the Net.
15:26 of 2nd period - Wrist shot by Mark Stone.
15:26 of 2nd period - Stopped by Jacob Markstrom with a rebound.
15:52 of 2nd period - Snap shot by Richard Panik.
15:52 of 2nd period - Stopped by Ben Bishop with a rebound.
16:10 of 2nd period - Slapshot by Ben Hutton.
16:10 of 2nd period - Stopped by Ben Bishop without a rebound.
16:11 of 2nd period - Adam Cracknell wins face-off versus Dylan Larkin in Ottawa Senators zone.
16:25 of 2nd period - Icing by Adam Cracknell.
16:26 of 2nd period - Jean-Gabriel Pageau wins face-off versus Adam Cracknell in Vancouver Canucks zone.
16:27 of 2nd period - Snap shot by Charlie Coyle.
16:27 of 2nd period - Stopped by Jacob Markstrom without a rebound.
16:28 of 2nd period - Charlie Coyle wins face-off versus Bo Horvat in Vancouver Canucks zone.
16:39 of 2nd period - Wrist shot by Bo Horvat.
16:39 of 2nd period - Shot Misses the Net.
16:41 of 2nd period - Wrist shot by Bo Horvat.
16:41 of 2nd period - Stopped by Ben Bishop without a rebound.
16:42 of 2nd period - Artem Anisimov wins face-off versus Dylan Larkin in Ottawa Senators zone.
16:45 of 2nd period - Snap shot by Artem Anisimov.
16:45 of 2nd period - Stopped by Ben Bishop without a rebound.
16:46 of 2nd period - Artem Anisimov wins face-off versus Dylan Larkin in Ottawa Senators zone.
17:17 of 2nd period - Andrew Ladd is hit by Tom Pyatt and loses puck.
17:44 of 2nd period - Slapshot by Connor Murphy.
17:44 of 2nd period - Stopped by Ben Bishop without a rebound.
17:45 of 2nd period - Bo Horvat wins face-off versus Nikita Kucherov in Ottawa Senators zone.
17:52 of 2nd period - Slapshot by Dylan Larkin.
17:52 of 2nd period - Shot Misses the Net.
18:00 of 2nd period - Snap shot by Mark Stone.
18:00 of 2nd period - Shot Misses the Net.
18:32 of 2nd period - Snap shot by Markus Granlund.
18:32 of 2nd period - Stopped by Ben Bishop with a rebound.
19:01 of 2nd period - Snap shot by Michael Cammalleri.
19:01 of 2nd period - Stopped by Jacob Markstrom without a rebound.
19:02 of 2nd period - Dylan Larkin wins face-off versus Richard Panik in Vancouver Canucks zone.
19:09 of 2nd period - Wrist shot by Nikita Kucherov.
19:09 of 2nd period - Shot Blocked by Ben Hutton.
19:11 of 2nd period - Snap shot by Nikita Kucherov.
19:11 of 2nd period - Shot Misses the Net.
Goals for this period are 1 for Ottawa Senators vs 2 for Vancouver Canucks.
Shots for this period are 10 for Ottawa Senators vs 17 for Vancouver Canucks.

3rd period


0:01 of 3rd period - Logan Shaw wins face-off versus Brayden Schenn in neutral zone.
0:06 of 3rd period - Brayden Schenn is hit by Cal Clutterbuck and loses puck.
0:25 of 3rd period - Jake Virtanen is hit by Mark Stone and loses puck.
0:40 of 3rd period - Mark Stone is hit by Jake Virtanen and loses puck.
0:51 of 3rd period - Bo Horvat is hit by Nail Yakupov.
1:02 of 3rd period - Cody Ceci is hit by Matt Bartkowski and loses puck.
1:17 of 3rd period - Charlie Coyle is hit by Markus Granlund and loses puck.
1:30 of 3rd period - Adam Cracknell is hit by Chris Wideman and loses puck.
1:53 of 3rd period - Dylan Larkin is hit by Ben Hutton and loses puck.
2:16 of 3rd period - Dion Phaneuf is hit by Artem Anisimov and loses puck.
2:37 of 3rd period - Tom Pyatt is hit by Markus Granlund and loses puck.
3:34 of 3rd period - Jake Virtanen is hit by Michael Cammalleri and loses puck.
3:49 of 3rd period - Dion Phaneuf is hit by Cal Clutterbuck and loses puck.
3:54 of 3rd period - Wrist shot by Cal Clutterbuck.
3:54 of 3rd period - Stopped by Ben Bishop with a rebound.
3:56 of 3rd period - Slapshot by Jason Garrison.
3:56 of 3rd period - Stopped by Ben Bishop without a rebound.
3:57 of 3rd period - Bo Horvat wins face-off versus Brayden Schenn in Ottawa Senators zone.
4:11 of 3rd period - Slapshot by Chris Wideman.
4:11 of 3rd period - Deflect By Brayden Schenn.
4:11 of 3rd period - Stopped by Jacob Markstrom with a rebound.
4:13 of 3rd period - Snap shot by Brayden Schenn.
4:13 of 3rd period - Shot Blocked by Andrew Ladd.
4:23 of 3rd period - Nikita Kucherov is hit by Connor Murphy and loses puck.
4:34 of 3rd period - Wrist shot by Artem Anisimov.
4:34 of 3rd period - Stopped by Ben Bishop with a rebound.
4:49 of 3rd period - Off-side.
4:50 of 3rd period - Logan Shaw wins face-off versus Brayden Schenn in neutral zone.
4:53 of 3rd period - Snap shot by Logan Shaw.
4:53 of 3rd period - Stopped by Ben Bishop without a rebound.
4:54 of 3rd period - Brayden Schenn wins face-off versus Logan Shaw in Ottawa Senators zone.
5:20 of 3rd period - Snap shot by Andrew Ladd.
5:20 of 3rd period - Stopped by Ben Bishop with a rebound.
5:22 of 3rd period - Snap shot by Richard Panik.
5:22 of 3rd period - Shot Blocked by Brayden Schenn.
5:24 of 3rd period - Wrist shot by Bo Horvat.
5:24 of 3rd period - Stopped by Ben Bishop with a rebound.
5:26 of 3rd period - Snap shot by Andrew Ladd.
5:26 of 3rd period - Shot Blocked by Cody Ceci.
5:28 of 3rd period - Slapshot by Troy Stecher.
5:28 of 3rd period - Stopped by Ben Bishop with a rebound.
5:30 of 3rd period - Backhand shot by Troy Stecher.
5:30 of 3rd period - Stopped by Ben Bishop without a rebound.
5:31 of 3rd period - Artem Anisimov wins face-off versus Dylan Larkin in Ottawa Senators zone.
6:19 of 3rd period - Off-side.
6:20 of 3rd period - Michael Cammalleri wins face-off versus Richard Panik in neutral zone.
6:45 of 3rd period - Dion Phaneuf is hit by Artem Anisimov and loses puck.
6:54 of 3rd period - Slapshot by Matt Calvert.
6:54 of 3rd period - Shot Hit the Post.
8:01 of 3rd period - Connor Murphy is hit by Nail Yakupov and loses puck.
8:32 of 3rd period - Markus Granlund is hit by Brayden Schenn.
8:50 of 3rd period - Slapshot by Connor Murphy.
8:50 of 3rd period - Shot Blocked by Chris Wideman.
8:52 of 3rd period - Backhand shot by Alex Formenton.
8:52 of 3rd period - Shot Misses the Net.
9:12 of 3rd period - Tyson Jost is hit by Jason Garrison and loses puck.
9:23 of 3rd period - Michael Cammalleri is hit by Jason Garrison and loses puck.
9:30 of 3rd period - Slapshot by Matt Calvert.
9:30 of 3rd period - Stopped by Ben Bishop without a rebound.
9:31 of 3rd period - Markus Granlund wins face-off versus Dylan Larkin in Ottawa Senators zone.
9:55 of 3rd period - Ben Hutton is hit by Dion Phaneuf and loses puck.
10:18 of 3rd period - Charlie Coyle is hit by Rocco Grimaldi and loses puck.
10:29 of 3rd period - Erik Karlsson is hit by Ben Hutton.
10:39 of 3rd period - Nikita Kucherov is hit by Jason Garrison.
10:59 of 3rd period - Nail Yakupov is hit by Logan Shaw and loses puck.
11:09 of 3rd period - Icing by Chris Wideman.
11:10 of 3rd period - Artem Anisimov wins face-off versus Michael Cammalleri in Ottawa Senators zone.
11:21 of 3rd period - Slapshot by Matt Calvert.
11:21 of 3rd period - Shot Misses the Net.
11:23 of 3rd period - Snap shot by Connor Murphy.
11:23 of 3rd period - Shot Blocked by Nail Yakupov.
11:25 of 3rd period - Wrist shot by Artem Anisimov.
11:25 of 3rd period - Deflect By Jake Virtanen.
11:25 of 3rd period - Goal by Jake Virtanen - Ottawa Senators : 2 - Vancouver Canucks : 4.
11:26 of 3rd period - Brayden Schenn wins face-off versus Artem Anisimov in neutral zone.
11:31 of 3rd period - Artem Anisimov is hit by Cody Ceci and loses puck.
11:38 of 3rd period - Snap shot by Matt Bartkowski.
11:38 of 3rd period - Shot Blocked by Cody Ceci.
12:02 of 3rd period - Snap shot by Nikita Kucherov.
12:02 of 3rd period - Stopped by Jacob Markstrom with a rebound.
12:14 of 3rd period - Matt Bartkowski is hit by Thomas Chabot and loses puck.
12:35 of 3rd period - Snap shot by Brayden Schenn.
12:35 of 3rd period - Shot Blocked by Rocco Grimaldi.
12:37 of 3rd period - Slapshot by Thomas Chabot.
12:37 of 3rd period - Shot Blocked by Connor Murphy.
12:39 of 3rd period - Snap shot by Brandon Saad.
12:39 of 3rd period - Stopped by Jacob Markstrom without a rebound.
12:40 of 3rd period - Brayden Schenn wins face-off versus Artem Anisimov in Vancouver Canucks zone.
12:45 of 3rd period - Snap shot by Ryan Dzingel.
12:45 of 3rd period - Stopped by Jacob Markstrom with a rebound.
12:55 of 3rd period - Slapshot by Ben Hutton.
12:55 of 3rd period - Stopped by Ben Bishop without a rebound.
12:56 of 3rd period - Dylan Larkin wins face-off versus Bo Horvat in Ottawa Senators zone.
13:23 of 3rd period - Tom Pyatt is hit by Cal Clutterbuck and loses puck.
13:39 of 3rd period - Icing by Markus Granlund.
13:40 of 3rd period - Brayden Schenn wins face-off versus Logan Shaw in Vancouver Canucks zone.
13:54 of 3rd period - Wrist shot by Logan Shaw.
13:54 of 3rd period - Stopped by Ben Bishop with a rebound.
13:56 of 3rd period - Slapshot by Logan Shaw.
13:56 of 3rd period - Stopped by Ben Bishop without a rebound.
13:57 of 3rd period - Dylan Larkin wins face-off versus Artem Anisimov in Ottawa Senators zone.
14:06 of 3rd period - Snap shot by Nikita Kucherov.
14:06 of 3rd period - Stopped by Jacob Markstrom without a rebound.
14:07 of 3rd period - Artem Anisimov wins face-off versus Dylan Larkin in Vancouver Canucks zone.
14:28 of 3rd period - Snap shot by Nikita Kucherov.
14:28 of 3rd period - Stopped by Jacob Markstrom without a rebound.
14:29 of 3rd period - Jean-Gabriel Pageau wins face-off versus Richard Panik in Vancouver Canucks zone.
14:53 of 3rd period - Matt Bartkowski is hit by Sami Vatanen and loses puck.
15:50 of 3rd period - Snap shot by Charlie Coyle.
15:50 of 3rd period - Stopped by Jacob Markstrom without a rebound.
15:51 of 3rd period - Bo Horvat wins face-off versus Tom Pyatt in Vancouver Canucks zone.
16:06 of 3rd period - Backhand shot by Bo Horvat.
16:06 of 3rd period - Shot Blocked by Dion Phaneuf.
16:38 of 3rd period - Slapshot by Ben Hutton.
16:38 of 3rd period - Deflect By Erik Karlsson.
16:38 of 3rd period - Stopped by Ben Bishop without a rebound.
16:39 of 3rd period - Michael Cammalleri wins face-off versus Logan Shaw in Ottawa Senators zone.
16:39 of 3rd period - Michael Cammalleri is hit by Connor Murphy.
17:08 of 3rd period - Dylan Larkin is hit by Matt Bartkowski and loses puck.
18:06 of 3rd period - Off-side.
18:07 of 3rd period - Michael Cammalleri wins face-off versus Bo Horvat in neutral zone.
18:12 of 3rd period - Snap shot by Michael Cammalleri.
18:12 of 3rd period - Shot Misses the Net.
18:14 of 3rd period - Slapshot by Tyson Jost.
18:14 of 3rd period - Deflect By Michael Cammalleri.
18:14 of 3rd period - Stopped by Jacob Markstrom without a rebound.
18:15 of 3rd period - Jean-Gabriel Pageau wins face-off versus Logan Shaw in Vancouver Canucks zone.
18:40 of 3rd period - Rocco Grimaldi is hit by Nail Yakupov and loses puck.
19:06 of 3rd period - Snap shot by Bo Horvat.
19:06 of 3rd period - Shot Misses the Net.
19:08 of 3rd period - Slapshot by Matt Bartkowski.
19:08 of 3rd period - Deflect By Nikita Kucherov.
19:08 of 3rd period - Stopped by Ben Bishop without a rebound.
19:09 of 3rd period - Logan Shaw wins face-off versus Jean-Gabriel Pageau in Ottawa Senators zone.
19:15 of 3rd period - Icing by Jean-Gabriel Pageau.
19:16 of 3rd period - Jean-Gabriel Pageau wins face-off versus Logan Shaw in Ottawa Senators zone.
19:38 of 3rd period - Icing by Logan Shaw.
19:39 of 3rd period - Adam Cracknell wins face-off versus Michael Cammalleri in Vancouver Canucks zone.
19:39 of 3rd period - Adam Cracknell is hit by Sami Vatanen.
19:45 of 3rd period - Nail Yakupov is hit by Troy Stecher and loses puck.
Goals for this period are 0 for Ottawa Senators vs 1 for Vancouver Canucks.
Shots for this period are 8 for Ottawa Senators vs 15 for Vancouver Canucks.